 Dungeon Crawl Stone Soup version 0.27.0 (webtiles) character file.

Game seed: 7117072989437900819

81 dolemite99 the Twirler (level 4, 0/33 HPs)
             Began as a Demonspawn Gladiator on July 31, 2021.
             Slain by a worm (4 damage)
             ... on level 2 of the Dungeon.
             The game lasted 00:02:07 (1654 turns).

dolemite99 the Twirler (Demonspawn Gladiator)       Turns: 1654, Time: 00:02:08

Health: 0/33       AC:  8    Str: 15    XL:     4   Next: 20%
Magic:  4/4        EV: 11    Int: 10    God:
Gold:   54         SH:  0    Dex: 14    Spells: 3/3 levels left

rFire    . . .     SeeInvis .   a - +0 quarterstaff
rCold    . . .     Faith    .   (shield currently unavailable)
rNeg     . . .     Spirit   .   f - +0 ring mail
rPois    .         Reflect  .   c - +0 helmet
rElec    .         Harm     .   (no cloak)
rCorr    .         Rampage  .   (no gloves)
Will     .....                  (no boots)
Stlth    +.........             (no amulet)
HPRegen  0.11/turn              (no ring)
MPRegen  0.09/turn              (no ring)

@: no status effects
A: molten scales 1, powered by pain 1
a: no special abilities


You were on level 2 of the Dungeon.
You visited 1 branch of the dungeon, and saw 2 of its levels.

You collected 54 gold pieces.

Inventory:

Hand Weapons
 a - a +0 quarterstaff (weapon)
Missiles
 d - 3 throwing nets (quivered)
 j - 16 stones
 l - 59 arrows
Armour
 b - a +0 leather armour
 c - a +0 helmet (worn)
 f - a +0 ring mail (worn)
Scrolls
 e - a scroll of holy word {unknown}
 g - a scroll of identify {unknown}


   Skills:
 - Level 2.0 Fighting
 + Level 4.6 Staves
 - Level 1.7 Throwing
 - Level 2.6 Dodging


You had 3 spell levels left.
You didn't know any spells.
Your spell library contained the following spells:

 Spells                   Type           Power      Damage    Failure   Level
 Inner Flame              Hex/Fire       0%         N/A       92%         3
 Cause Fear               Hex            0%         N/A       100%        4
 Discord                  Hex            0%         N/A       100%        8


Dungeon Overview and Level Annotations

Branches:
Dungeon (2/15)

Altars:

Annotations:
D:2 Robin


Innate Abilities, Weirdness & Mutations

You are partially covered in molten scales. (AC +2)
You sometimes gain a little power by taking damage.


Message History

The hobgoblin hits you but does no damage.
It was a potion of cancellation.
Your magical effects are unravelling.
You feel magically purged.
You feel a little less clever now. Robin hits you with a +0 club.
The worm bites you but does no damage. The goblin closely misses you.
The hobgoblin hits you but does no damage.
It was a potion of heal wounds.
You feel much better. Robin barely misses you. The goblin closely misses you.
The worm barely misses you. The hobgoblin closely misses you.
You completely miss the worm. Robin barely misses you.
The goblin closely misses you. The hobgoblin barely misses you.
You hit the worm but do no damage. Robin hits you but does no damage.
The worm bites you. The goblin hits you but does no damage.
The hobgoblin barely misses you.
You hit the worm.
The worm is lightly wounded.
Robin hits you but does no damage. The goblin hits you with a +0 dagger.
The hobgoblin barely misses you.
You barely miss the worm.
The worm is lightly wounded.
Robin hits you but does no damage. The worm bites you!
The goblin hits you but does no damage. The hobgoblin misses you.
You hit the worm.
The worm is heavily wounded.
Robin hits you with a +0 club. The goblin closely misses you.
The hobgoblin closely misses you. The worm bites you but does no damage.
You hit the worm.
The worm is heavily wounded.
Robin hits you with a +0 club. The goblin hits you with a +0 dagger.
* * * LOW HITPOINT WARNING * * *
The hobgoblin hits you but does no damage.
Robin barely misses you.
Your ring mail prevents you from hitting the worm.
The worm is heavily wounded.
The goblin barely misses you. The hobgoblin hits you.
* * * LOW HITPOINT WARNING * * *
The worm bites you.
You die...

##.##
###########.#
#####...########
#.#
#........†......
#.#
#.###...########
#.# ###.#... ..#
####.#.# ###
#..S#..#
#.##.##g### #.##
##@#
#.##..ggw......
##...#.##.#######
.##### .#... ...
...... ... .#.
..#### #.# .. .#
## #g# .# ## ...
#.# #. ### #.#
?#..


You could see a worm, Robin, an adder, a hobgoblin (strong) and a goblin
(strong).

Vanquished Creatures
  Jessica (D:2)
  2 dart slugs
  6 ball pythons
  4 bats
  4 endoplasms
  7 goblins
  7 hobgoblins
  3 jackals (D:1)
  3 quokkas (D:1)
  2 frilled lizards (D:1)
  A kobold (D:1)
  6 rats
46 creatures vanquished.

Vanquished Creatures (others)
  8 plants
8 creatures vanquished.

Grand Total: 54 creatures vanquished

Notes
Turn   | Place    | Note
-------+----------+-------------------------------------------
     0 | D:1      | dolemite99 the Demonspawn Gladiator began the quest for the
                  | Orb.
     0 | D:1      | Reached XP level 1. HP: 16/16 MP: 1/1
   173 | D:1      | Reached skill level 3 in Staves
   247 | D:1      | Gained mutation: You are partially covered in molten
                  | scales. (AC +2) [demonic ancestry]
   247 | D:1      | Reached XP level 2. HP: 22/22 MP: 2/2
   621 | D:1      | Reached XP level 3. HP: 27/27 MP: 3/3
  1036 | D:2      | Noticed Robin
  1038 | D:2      | Reached skill level 4 in Staves
  1560 | D:2      | Noticed Jessica
  1562 | D:2      | Killed Jessica
  1563 | D:2      | Gained mutation: You sometimes gain a little power by
                  | taking damage. [demonic ancestry]
  1563 | D:2      | Reached XP level 4. HP: 31/33 MP: 4/4
  1654 | D:2      | Slain by a worm

Illustrated notes

Levels and vault maps discovered:
D:1:      evilmike_arrival_hilbert_curve, layout_loops_ring,
          minmay_shallow_snake_nest
D:2:      layout_loops_ring, serial_bayou_pond_c, hangedman_decor_points,
          uniq_jessica, uniq_robin, uniq_crazy_yiuf_cottage

Skill      XL: |  1  2  3 |
---------------+----------+-----
Staves         | 3 4 |  4.6
Fighting       | |  2.0
Throwing       | |  1.7
Dodging        | |  2.6

Action                   |  1- 3 |  4- 6 || total
-------------------------+-------+-------++-------
Melee: Quarterstaff      |   104 |    27 ||   131
  Use: Potion            |       |     3 ||     3
Armor: Ring mail         |    52 |    35 ||    87
Dodge: Dodged            |    81 |    40 ||   121
